 Dungeon Crawl Stone Soup version 0.17-a0-1738-g82cdc46 (console) character file.

25 utis the Magician (level 3, -1/19 HPs)
             Began as a Kobold Wizard on Aug 30, 2015.
             Slain by an adder (3 damage)
             ... on level 1 of the Dungeon.
             The game lasted 00:04:35 (1475 turns).

utis the Magician (Kobold Wizard)                   Turns: 1475, Time: 00:04:35

Health: -1/19      AC:  4    Str:  8    XL:     3   Next: 17%
Magic:  3/7        EV: 15    Int: 16    God:
Gold:   32         SH:  0    Dex: 14    Spells: 3 memorised, 2 levels left

rFire  . . .     SeeInvis .     g - +0 club
rCold  . . .     Clarity  .     a - +0 robe
rNeg   . . .     SustAt   .     (shield restricted)
rPois  .         Gourm    .     b - +0 hat
rElec  .         Spirit   .     (no cloak)
rCorr  .         Warding  .     (no gloves)
rMut   .         Stasis   .     (no boots)
MR     .....                    (no amulet)
Stlth  ++........               (no ring)
                                (no ring)

@: lethally poisoned (-1 -> -10), very slightly contaminated, invisible, not
resistant to hostile enchantments, unstealthy
A: yellow scales 1, carnivore 3, screaming 1, strong 1
a: no special abilities


You were on level 1 of the Dungeon.
You were completely stuffed.

You visited 1 branch of the dungeon, and saw 2 of its levels.

You collected 32 gold pieces.

Inventory:

Hand weapons
 g - a +0 club (weapon)
Missiles
 h - 25 stones (quivered)
Armour
 a - a +0 robe (worn)
 b - a +0 hat (worn)
 l - a +0 ring mail
Jewellery
 f - an uncursed ring of flight {unknown}
Scrolls
 j - a scroll of noise {unknown}
 m - a scroll of identify {unknown}
Books
 c - a book of Minor Magic

   Spells                             Type                      Level
   a - Magic Dart                     Conjuration                  1
   b - Blink                          Translocation                2
   c - Call Imp                       Summoning                    2
   d - Repel Missiles                 Charms/Air                   2
   e - Slow                           Hexes                        2
   f - Conjure Flame                  Conjuration/Fire             3
   g - Mephitic Cloud                 Conjuration/Poison/Air       3
Comestibles
 d - a meat ration
 k - 3 chunks of flesh


   Skills:
 - Level 2.4 Dodging
 - Level 2.6 Stealth
 + Level 3.0 Spellcasting
 + Level 2.5 Conjurations
 - Level 1.0 Summonings
   Level 1.0 Translocations
 + Level 0.0 Air Magic
 + Level 0.0 Poison Magic


You had 2 spell levels left.
You knew the following spells:

 Your Spells              Type           Power        Failure   Level  Hunger
a - Magic Dart            Conj           ##..         10%         1    #......
b - Call Imp              Summ           #.......     21%         2    ##.....
C - Mephitic Cloud        Conj/Pois/Air  #.......     38%         3    ###....


Dungeon Overview and Level Annotations

Branches:
Dungeon (2/15)

Altars:


Innate Abilities, Weirdness & Mutations

You are small and have problems with some larger weapons.
You are carnivorous and can eat meat at any time.
You are partially covered in yellow scales (AC +2).
You occasionally shout uncontrollably at your foes.
Your muscles are strong. (Str +2)


Message History

The adder poisons you! The adder bites you but does no damage.
Unknown command.
You feel sick. The adder bites you.
* * * LOW HITPOINT WARNING * * *
You are more poisoned.
The adder poisons you!
There is an open door here.
Drink which item? (? for menu, Esc to quit)
It was a potion of invisibility.
You fade into invisibility!
* * * LOW HITPOINT WARNING * * *
You feel sick. The adder barely misses you.
Drink which item? (? for menu, Esc to quit)
It was a potion of mutation.
You feel extremely strange.
You feel stronger.
You feel the urge to shout.
Yellow scales grow over part of your body.
* * * LOW HITPOINT WARNING * * *
You feel sick. The adder bites you.
You die...

▓ ▓.▓ ▓▓.▓ ▓..▓▓▓▓.▓
...▓ .....S..▓ ▓.▓▓
▓▓'▓▓ ▓▓.▓ ▓▓...▓▓ ▓.▓▓
▓▓.....▓▓ ➘▓▓ ▓▓.
▓▓.......▓▓ .▓▓▓▓▓▓
▓....▓▓▓.........▓▓▓▓...
........
.......KS........'......
.....▓▓▓
▓....▓▓▓.........▓▓▓▓..
.▓▓▓.▓ ▓▓. ▓▓.......▓▓
.▓ ▓.▓ ▓▓.....▓▓ .▓ ▓.▓
▓▓▓ ▓▓...▓▓ .▓ ▓.▓ ▓..
▓▓'▓▓ .▓▓▓.▓ ▓.▓ ▓.▓▓▓
.....▓ ▓.▓ ▓...▓▓▓▓▓
.....▓▓▓▓.▓▓▓ ▓▓........


You could see an adder.

Vanquished Creatures
  An ooze (D:1)
  A giant gecko (D:1)
  3 bats (D:1)
  A giant cockroach (D:1)
  2 goblins (D:1)
  2 hobgoblins (D:1)
  A giant newt (D:1)
  2 jackals (D:2)
  2 kobolds (D:1)
  4 rats (D:1)
19 creatures vanquished.

Notes
Turn   | Place    | Note
--------------------------------------------------------------
     0 | D:1      | utis the Kobold Wizard began the quest for the Orb.
     0 | D:1      | Reached XP level 1. HP: 10/10 MP: 4/4
    18 | D:1      | Reached skill level 1 in Conjurations
   324 | D:1      | Reached XP level 2. HP: 7/15 MP: 0/6
   485 | D:1      | Learned a level 2 spell: Call Imp
   981 | D:1      | You fall through a shaft!
  1199 | D:1      | Reached XP level 3. HP: 19/19 MP: 5/7
  1427 | D:1      | Learned a level 3 spell: Mephitic Cloud
  1475 | D:1      | Gained mutation: Your muscles are strong. (Str +2) [potion of mutation]
  1475 | D:1      | Gained mutation: You occasionally shout uncontrollably at your foes. [potion of mutation]
  1475 | D:1      | Gained mutation: You are partially covered in yellow scales (AC +2). [potion of mutation]
  1475 | D:1      | Slain by an adder

Vault maps used:
D:1:      minmay_arrival_plants_in_alcoves
D:2:      nicolae_overflow_hidden_temple, ecumenical_altar_2, uniq_natasha

Action                   || total
-------------------------++-------
Melee: Club              ||    24
 Cast: Magic Dart        ||    52
  Use: Potion            ||     2
  Eat: Chunk             ||    10
